 Dungeon Crawl Stone Soup version 0.21.1-1-g345015f (webtiles) character file.

134 sking99 the Changer (level 5, -5/25 HPs)
             Began as a Vine Stalker Transmuter on July 1, 2018.
             Killed from afar by eyesofgods1's ghost (8 damage)
             ... with a magic dart
             ... on level 3 of the Dungeon.
             The game lasted 00:08:59 (3181 turns).

sking99 the Changer (Vine Stalker Transmuter)       Turns: 3181, Time: 00:09:00

Health: -5/25      AC:  2    Str: 12    XL:     5   Next: 17%
Magic:  0/11       EV: 19    Int: 14    God:
Gold:   53         SH:  0    Dex: 20    Spells: 5/11 levels left

rFire    . . .     SeeInvis .     - Unarmed
rCold    . . .     Gourm    .   (shield currently unavailable)
rNeg     . . .     Faith    .   (armour currently unavailable)
rPois    x         Spirit   +   (helmet currently unavailable)
rElec    .         Reflect  .   (cloak currently unavailable)
rCorr    .         Harm     .   (gloves currently unavailable)
MR       .....                  (boots currently unavailable)
Stlth    ++........             (no amulet)
HPRegen  0.48/turn              (no ring)
MPRegen  0.12/turn              (no ring)

@: spider-form (expiring)
A: tiny, regeneration 1, magic shield, no potion heal 3, rot immunity
a: End Transformation


You were on level 3 of the Dungeon.
You were not hungry.
You were a venomous arachnid creature.
You visited 1 branch of the dungeon, and saw 3 of its levels.

You collected 53 gold pieces.

Inventory:

Missiles
 a - 31 arrows
Armour
 b - a +0 robe (melded)
Jewellery
 m - a +3 ring of protection {unknown}
Scrolls
 g - 2 scrolls of identify {unknown}
 l - a scroll of immolation {unknown}
 n - 3 scrolls of remove curse {unknown}
 o - a scroll of blinking {unknown}
 p - 2 scrolls of magic mapping {unknown}
 r - a scroll of amnesia {unknown}
 s - a scroll of fear {unknown}
 t - 2 scrolls of teleportation {unknown}
 u - a scroll of enchant weapon {unknown}
Potions
 e - a potion of haste {unknown}
 f - a potion of lignification {unknown}
 h - a potion of resistance {unknown}
 i - a potion of heal wounds {unknown}
 j - 2 potions of curing {unknown}
 k - 2 potions of berserk rage {unknown}
Books
 c - a book of Changes

   Spells                             Type                      Level
   a - Beastly Appendage              Transmutation                1
   b - Sticks to Snakes               Transmutation                2
   c - Spider Form                    Transmutation/Poison         3
   d - Ice Form                       Ice/Transmutation            4
   e - Blade Hands                    Transmutation                5
Comestibles
 d - 3 rations


   Skills:
 - Level 1.0 Fighting
 - Level 1.5 Dodging
 + Level 3.4 Unarmed Combat
 + Level 3.5 Spellcasting
 + Level 3.6 Transmutations
 - Level 1.1 Poison Magic


You had 5 spell levels left.
You knew the following spells:

 Your Spells              Type           Power        Failure   Level  Hunger
a - Beastly Appendage     Tmut           ##....       13%         1    #......
b - Sticks to Snakes      Tmut           ##......     19%         2    ##.....
c - Spider Form           Tmut/Pois      #.........   43%         3    ###....


Dungeon Overview and Level Annotations

Branches:
Dungeon (3/15)

Altars:
Trog

Annotations:
D:2 exclusion: door
D:3 eyesofgods1's ghost, amateur DECj


Innate Abilities, Weirdness & Mutations

((You have extremely sharp teeth.))
Your natural rate of healing is unusually fast.
When hurt, damage is shared between your health and your magic reserves.
((Your bite disrupts and absorbs the magic of your enemies.))
Potions cannot restore your health.
You are immune to rotting.


Message History

Eyesofgods1's ghost is moderately damaged.
Eyesofgods1's ghost completely misses you.
You bite eyesofgods1's ghost!
Eyesofgods1's ghost is severely damaged.
Eyesofgods1's ghost completely misses you.
You barely miss eyesofgods1's ghost.
Eyesofgods1's ghost is severely damaged.
Eyesofgods1's ghost hits you.
You miss eyesofgods1's ghost.
Eyesofgods1's ghost is severely damaged.
Eyesofgods1's ghost hits you.
* * * LOW HITPOINT WARNING * * *
Eyesofgods1's ghost gestures at you while chanting.
The magic dart hits you!
* * * LOW HITPOINT WARNING * * *
There is a stone staircase leading up, spattered with blood here.
You can't go down here!
Eyesofgods1's ghost points at you and mumbles some strange words.
The magic dart hits you!
You die...

#..##..#.# ##.## #.#
#......#.# ### #.#
##.......###############.##
####.#####......##.......#
#..## #......##.#.....#
##...###......##.##....#
##.....##......##.###...#
#.......#......##.......#
##.....##..s.W.....###.##
###...###......###.# #.#
#.......######## #.# #.#
#.##.##.## #.# #.# #.##.#...#
### #.# #.# #.##.....#
##.###.###.##
#.####...####...........<.
####.#####..........#.###.###
###..........#####...##.#


You could see eyesofgods1's ghost.

Vanquished Creatures
  A hound (D:3)
  2 gnolls (D:2)
  2 adders (D:2)
  An ooze (D:3)
  2 dart slugs
  A leopard gecko (D:1)
  A ball python (D:1)
  6 giant cockroaches
  7 goblins
  6 hobgoblins (D:1)
  2 quokkas (D:2)
  6 bats
  6 frilled lizards
  10 kobolds
  A quokka skeleton (D:2)
  5 rats
59 creatures vanquished.

Notes
Turn   | Place    | Note
-------+----------+-------------------------------------------
     0 | D:1      | sking99 the Vine Stalker Transmuter began the quest for the Orb.
     0 | D:1      | Reached XP level 1. HP: 9/9 MP: 4/4
   196 | D:1      | Reached XP level 2. HP: 12/14 MP: 4/6
   305 | D:1      | Learned a level 2 spell: Sticks to Snakes
   312 | D:1      | Reached skill level 1 in Fighting
   638 | D:1      | Reached XP level 3. HP: 10/18 MP: 7/7
  1142 | D:1      | Learned a level 3 spell: Spider Form
  1631 | D:2      | Found a bloodstained altar of Trog.
  2042 | D:2      | Gained mutation: Your natural rate of healing is unusually fast. [Vine Stalker growth]
  2042 | D:2      | Reached XP level 4. HP: 13/22 MP: 2/9
  2353 | D:2      | Reached skill level 1 in Poison Magic
  2833 | D:3      | Reached XP level 5. HP: 24/25 MP: 6/11
  2966 | D:3      | Noticed eyesofgods1's ghost (amateur DECj)
  3181 | D:3      | Killed from afar by eyesofgods1's ghost

Skill      XL: |  1  2  3  4 |
---------------+-------------+-----
Fighting       | 1 |  1.0
Transmutations | 3 |  3.6
Spellcasting   | 3 |  3.5
Poison Magic   | 1 |  1.1
Dodging        | |  1.5
Unarmed Combat | |  3.4

Action                   |  1- 3 |  4- 6 || total
-------------------------+-------+-------++-------
Melee: Unarmed           |   132 |    49 ||   181
       Headbutt          |    13 |       ||    13
       Bite              |    14 |       ||    14
       Kick              |     7 |       ||     7
 Cast: Beastly Appendage |    27 |       ||    27
       Spider Form       |       |    10 ||    10
 Stab: Sleeping          |     1 |       ||     1
  Eat: Chunk             |     4 |     5 ||     9
Armor: Robe              |    29 |       ||    29
       Skin              |       |     2 ||     2
Dodge: Dodged            |    83 |    43 ||   126
